[Event "December 5 Late 2023"]
[Site "https://www.chess.com"]
[Date "2023.12.05"]
[Round "4"]
[White "Dyachuk, Artem"]
[Black "Deac, Bogdan-Daniel"]
[Result "0-1"]
[Board "33"]
[TimeControl "180+1"]
[WhiteFideId "34107924"]
[BlackFideId "1226380"]
[WhiteElo "2606"]
[BlackElo "2990"]
[WhiteTeam "UKR"]
[BlackTeam "ROU"]
[WhiteClock "0:00:00"]
[BlackClock "0:00:04"]

1. e4 c6 2. Nf3 d5 3. Nc3 dxe4 4. Nxe4 Nf6 5. Qe2 Nxe4 6. Qxe4 Qa5 7. c3 Bf5 8. Qf4 e6 9. d4 Nd7 10. Be2 Nf6 11. O-O h6 12. Ne5 Qd8 13. Bc4 Bd6 14. Qg3 g5 15. Re1 Ng4 16. h3 Nxe5 17. dxe5 Be7 18. Be3 Rg8 19. Rad1 Qc7 20. Bd3 O-O-O 21. Bxf5 exf5 22. Qf3 f4 23. Bc1 Rxd1 24. Qxd1 Qd7 25. Qh5 Qe6 26. b3 Rd8 27. Qf3 Qf5 28. Qh5 Qe6 29. Qf3 Rd5 30. Qe4 f6 31. Qg6 Rxe5 32. Rf1 f5 33. Qe8+ Kc7 34. Qa8 Bc5 35. b4 Bb6 36. a4 a6 37. Bd2 Qe8 38. Qxe8 Rxe8 39. a5 Ba7 40. h4 Re2 0-1

[Event "December 5 Late 2023"]
[Site "https://www.chess.com"]
[Date "2023.12.05"]
[Round "4"]
[White "Van Dael, Siem"]
[Black "Martinez Alcantara, Jose Eduardo"]
[Result "0-1"]
[Board "34"]
[TimeControl "180+1"]
[WhiteFideId "1049771"]
[BlackFideId "3805662"]
[WhiteElo "2601"]
[BlackElo "2968"]
[WhiteTeam "NED"]
[BlackTeam "PER"]
[WhiteClock "0:00:00"]
[BlackClock "0:01:46"]

1. e4 c5 2. Nf3 d6 3. d4 cxd4 4. Nxd4 a6 5. Nc3 e6 6. g4 b5 7. Be3 Bb7 8. f3 Ne7 9. Qd2 Nec6 10. Nb3 Nd7 11. O-O-O Qc7 12. Kb1 Be7 13. h4 b4 14. Na4 O-O 15. g5 Rac8 16. h5 Nce5 17. Be2 Bc6 18. f4 Bxa4 19. fxe5 Nxe5 20. g6 fxg6 21. hxg6 hxg6 22. Bxa6 Nc4 23. Bxc4 Qxc4 24. Qd3 Qxd3 25. cxd3 e5 26. Rhg1 Bb5 27. Rxg6 Rf3 28. Bh6 Bf8 29. Nc1 Kh7 30. a4 Bxa4 31. b3 Kxg6 0-1

[Event "December 5 Late 2023"]
[Site "https://www.chess.com"]
[Date "2023.12.05"]
[Round "4"]
[White "Toropov, Pavel"]
[Black "Khismatullin, Denis"]
[Result "0-1"]
[Board "35"]
[TimeControl "180+1"]
[WhiteFideId "24129178"]
[BlackFideId "4142578"]
[WhiteElo "2595"]
[BlackElo "2930"]
[WhiteTeam "RUS"]
[BlackTeam "RUS"]
[WhiteClock "0:00:32"]
[BlackClock "0:00:30"]

1. e4 c5 2. Nf3 e6 3. d4 cxd4 4. Nxd4 Nf6 5. Nc3 Nc6 6. Be3 Bb4 7. Bd3 d5 8. Nxc6 bxc6 9. exd5 cxd5 10. Bd4 O-O 11. O-O Bb7 12. Re1 g6 13. Qf3 Nd7 14. Qg3 Re8 15. a3 Bc5 16. Nb5 Bxd4 17. Nxd4 a6 18. Nf3 Qf6 19. Ne5 Nxe5 20. Qxe5 Qxe5 21. Rxe5 Rec8 22. c3 a5 23. Rd1 Ba6 24. Bxa6 Rxa6 25. g3 Rb6 26. Rd2 a4 27. Ree2 Rc4 28. Kg2 Kg7 29. Kf3 g5 30. Ke3 Kf6 31. Rd4 Rxd4 32. Kxd4 Rc6 33. Ke3 Kf5 34. Rd2 Rb6 35. f3 h5 36. h3 Ke5 37. g4 h4 38. Re2 f6 39. Rd2 Rb3 40. Kf2 Kd6 41. Ke3 e5 42. Kd3 Kc5 43. Kc2 Kc4 44. Rd1 d4 45. Rd3 Rb6 46. Rd1 Rd6 47. Rd3 Rd5 48. cxd4 exd4 49. f4 gxf4 50. Rf3 d3+ 51. Kd2 Rd4 52. Rf1 Kb3 53. Rc1 Kxb2 54. Rc5 Kxa3 55. Rh5 Kb3 56. Rxh4 a3 57. Rh8 a2 0-1

[Event "December 5 Late 2023"]
[Site "https://www.chess.com"]
[Date "2023.12.05"]
[Round "4"]
[White "Grigoriants, Sergey"]
[Black "Chor, Kevin"]
[Result "1-0"]
[Board "36"]
[TimeControl "180+1"]
[WhiteFideId "4130804"]
[BlackFideId "2090740"]
[WhiteElo "2927"]
[BlackElo "2595"]
[WhiteTeam "HUN"]
[BlackTeam "USA"]
[WhiteClock "0:01:43"]
[BlackClock "0:01:49"]

1. d4 Nf6 2. c4 g6 3. f3 d5 4. cxd5 Nxd5 5. e4 Nb6 6. Nc3 Bg7 7. Be3 O-O 8. Qd2 c6 9. h4 e5 10. O-O-O Be6 11. h5 exd4 12. Bxd4 Qxd4 13. Qxd4 Bxd4 14. Rxd4 N8d7 15. Nh3 Nc5 16. Nf4 Bxa2 17. Kc2 Rfd8 18. Rxd8+ Rxd8 19. Be2 a5 20. Nxa2 1-0

[Event "December 5 Late 2023"]
[Site "https://www.chess.com"]
[Date "2023.12.05"]
[Round "4"]
[White "Maksimovic, Bojan"]
[Black "Taboas Rodriguez, Daniel"]
[Result "1-0"]
[Board "37"]
[TimeControl "180+1"]
[WhiteFideId "14408120"]
[BlackFideId "2208466"]
[WhiteElo "2916"]
[BlackElo "2581"]
[WhiteTeam "BIH"]
[BlackTeam "ESP"]
[WhiteClock "0:01:24"]
[BlackClock "0:01:27"]

1. e4 e5 2. Nf3 Nc6 3. Bb5 Nf6 4. O-O Nxe4 5. Re1 Nd6 6. Nxe5 Be7 7. Bf1 Nxe5 8. Rxe5 O-O 9. d4 Bf6 10. Re1 Nf5 11. c3 d5 12. Nd2 Nd6 13. Nf3 Bg4 14. Bf4 Qd7 15. h3 Bxf3 16. Qxf3 c6 17. Bd3 Rfe8 18. Qg4 Qxg4 19. hxg4 Rxe1+ 20. Rxe1 Re8 21. Rxe8+ Nxe8 22. Bf5 Bd8 23. Bc8 Bc7 24. Bxc7 Nxc7 25. Bxb7 Kf8 26. Bxc6 Ke7 27. f3 Kd6 28. Ba4 Ne6 29. Kf2 Nf4 30. Bc2 h6 31. g3 Ne6 32. f4 g5 33. Ke3 f6 34. Bf5 Nc7 35. Bd3 Ne6 36. b3 a5 37. c4 Nc7 38. c5+ Kc6 39. a3 Nb5 40. Bxb5+ Kxb5 41. a4+ Ka6 42. fxg5 hxg5 43. Kd3 Kb7 44. Kc3 Ka7 45. b4 Ka6 46. bxa5 Kxa5 47. Kb3 Ka6 48. Kb4 Kb7 49. Kb5 Kc7 50. c6 1-0

[Event "December 5 Late 2023"]
[Site "https://www.chess.com"]
[Date "2023.12.05"]
[Round "4"]
[White "Soderstrom, Adrian"]
[Black "Alexandre, Anne Shopie Elizabeth"]
[Result "0-1"]
[Board "38"]
[TimeControl "180+1"]
[WhiteFideId "1745786"]
[BlackFideId "11902418"]
[WhiteElo "2580"]
[BlackElo "2861"]
[WhiteTeam "SWE"]
[BlackTeam "HAI"]
[WhiteClock "0:00:24"]
[BlackClock "0:02:19"]

1. h4 a6 2. e4 c5 3. d4 cxd4 4. c3 dxc3 5. Nxc3 Nc6 6. Nf3 d6 7. Bc4 Nf6 8. Bg5 e6 9. h5 h6 10. Bh4 Be7 11. Qe2 Qc7 12. Rc1 b5 13. Bb3 Bd7 14. O-O Qb6 15. Nd5 exd5 16. exd5 Ne5 17. Nxe5 dxe5 18. Qxe5 Qd6 19. Qe2 O-O 20. Bg3 Qb4 21. Qd3 Bd6 22. a3 Qe4 23. Qc3 Bxg3 24. Qxg3 Nxh5 25. Qd6 Nf4 26. f3 Ne2+ 27. Kf2 Qd4+ 0-1

[Event "December 5 Late 2023"]
[Site "https://www.chess.com"]
[Date "2023.12.05"]
[Round "4"]
[White "Hong, Andrew"]
[Black "Erdogan, Anil Berk"]
[Result "1-0"]
[Board "39"]
[TimeControl "180+1"]
[WhiteFideId "2099438"]
[BlackFideId "6348173"]
[WhiteElo "2857"]
[BlackElo "2579"]
[WhiteTeam "USA"]
[BlackTeam "TUR"]
[WhiteClock "0:00:57"]
[BlackClock "0:00:00"]

1. e4 c5 2. Bc4 g6 3. a3 Bg7 4. d3 e6 5. Ba2 Ne7 6. Nc3 O-O 7. Be3 b6 8. h4 d5 9. Bg5 h6 10. Bxe7 Qxe7 11. Nf3 Bb7 12. Qe2 Bxc3+ 13. bxc3 dxe4 14. dxe4 Qf6 15. Qe3 Nc6 16. e5 Qg7 17. O-O-O Rad8 18. Rhe1 Rxd1+ 19. Rxd1 Rd8 20. Rd6 Qf8 21. Qf4 Ne7 22. Nh2 Nf5 23. Rd2 Rxd2 24. Qxd2 h5 25. g3 Qe8 26. Qf4 Qb5 27. Bb3 Qe2 28. g4 Nxh4 29. gxh5 Qxh5 30. Ng4 Kf8 31. Nf6 Qh8 32. Qa4 Nf5 33. Qd7 Bd5 34. Bxd5 exd5 35. Qxa7 Kg7 36. Qxb6 Qh6+ 37. Kb2 Qd2 38. Qxc5 Qe2 39. Ne8+ Kg8 40. f4 1-0

[Event "December 5 Late 2023"]
[Site "https://www.chess.com"]
[Date "2023.12.05"]
[Round "4"]
[White "Shuvalova, Polina"]
[Black "Iskusnyh, Sergei"]
[Result "1-0"]
[Board "40"]
[TimeControl "180+1"]
[WhiteFideId "24171760"]
[BlackFideId "4120027"]
[WhiteElo "2846"]
[BlackElo "2575"]
[WhiteTeam "RUS"]
[BlackTeam "RUS"]
[WhiteClock "0:00:41"]
[BlackClock "0:00:00"]

1. e4 e6 2. d4 d5 3. Nd2 c5 4. exd5 Qxd5 5. Ngf3 cxd4 6. Bc4 Qd6 7. O-O Nf6 8. Nb3 Nc6 9. Nbxd4 Nxd4 10. Nxd4 Be7 11. Re1 O-O 12. c3 Qc7 13. Bd3 Bd7 14. Qf3 Rad8 15. Bg5 h6 16. Bh4 Bc8 17. Rad1 Rd5 18. Be4 Nxe4 19. Bxe7 Qxe7 20. Qxe4 Rfd8 21. Qe2 Qf6 22. h3 e5 23. Nf3 Be6 24. Rxd5 Bxd5 25. Nxe5 Bxa2 26. c4 Bb3 27. Qe3 Ba4 28. Qxa7 Bc6 29. Nxc6 bxc6 30. Qb6 Rd2 31. b3 g6 32. Qe3 Rd6 33. Qxh6 Re6 34. Rxe6 Qxe6 35. Qe3 Qf5 36. h4 c5 37. g3 Qc2 38. Kg2 Qf5 39. Kg1 Qc8 40. Qe5 Qc6 41. Qd5 Qb6 42. Kg2 Qb4 43. Qd8+ Kg7 44. Qc7 Qa3 45. Qe5+ Kg8 46. h5 gxh5 47. Qg5+ Kf8 48. Qxh5 Kg8 49. Qg5+ Kf8 50. Qd8+ Kg7 51. Qb8 Kg6 52. Qb6+ Kg7 53. Kf3 Kg8 54. Ke4 Qb2 55. Qxc5 Qxb3 56. Qg5+ Kf8 57. Qd8+ Kg7 58. Qd4+ Kf8 59. c5 Qe6+ 60. Kf3 Qc6+ 61. Ke3 Kg8 62. Qg4+ Kh7 63. Qe4+ 1-0

[Event "December 5 Late 2023"]
[Site "https://www.chess.com"]
[Date "2023.12.05"]
[Round "4"]
[White "Sivakumar, Shaaketh"]
[Black "Mekhitarian, Krikor Sevag"]
[Result "1-0"]
[Board "41"]
[TimeControl "180+1"]
[WhiteFideId "30940176"]
[BlackFideId "2107660"]
[WhiteElo "2574"]
[BlackElo "2845"]
[WhiteTeam "USA"]
[BlackTeam "BRA"]
[WhiteClock "0:01:32"]
[BlackClock "0:00:00"]

1. Nf3 d5 2. d4 Bf5 3. Bf4 e6 4. e3 Nf6 5. c4 Bxb1 6. Qxb1 Bb4+ 7. Kd1 c6 8. Bd3 Bd6 9. Bg3 O-O 10. Ke2 Qe7 11. c5 Bc7 12. Ne5 h6 13. b4 Rc8 14. b5 cxb5 15. Qxb5 b6 16. Rhc1 a6 17. Qb3 Bxe5 18. Bxe5 bxc5 19. dxc5 Nc6 20. Bd6 Qd7 21. Rab1 Ne8 22. Qb7 Qxb7 23. Rxb7 Na5 24. Rb6 Rc6 25. Rcb1 Nxd6 26. cxd6 Rd8 27. Rxc6 Nxc6 28. Rb6 Ne5 29. Bxa6 f5 30. Bb5 Kf7 31. a4 Kf6 32. a5 Ra8 33. a6 1-0

[Event "December 5 Late 2023"]
[Site "https://www.chess.com"]
[Date "2023.12.05"]
[Round "4"]
[White "Livaic, Leon"]
[Black "Ozates, Tuna"]
[Result "0-1"]
[Board "42"]
[TimeControl "180+1"]
[WhiteFideId "14531534"]
[BlackFideId "6354521"]
[WhiteElo "2839"]
[BlackElo "2572"]
[WhiteTeam "CRO"]
[BlackTeam "TUR"]
[WhiteClock "0:00:00"]
[BlackClock "0:00:14"]

1. e4 c5 2. Nf3 Nc6 3. Bc4 g6 4. O-O Bg7 5. Re1 d6 6. c3 e5 7. d4 cxd4 8. cxd4 exd4 9. Bg5 Nge7 10. Nbd2 h6 11. Bh4 O-O 12. Nb3 g5 13. Bxg5 hxg5 14. Nxg5 Nf5 15. exf5 Qxg5 16. Nd2 Bxf5 17. Ne4 Bxe4 18. Rxe4 d5 19. Rg4 Qxg4 20. Qxg4 dxc4 21. h4 Rad8 22. h5 Rd6 23. Qf4 Re6 24. g4 Rd8 25. g5 d3 26. g6 Ne5 27. gxf7+ Nxf7 28. Qxc4 Rc6 29. Qb3 d2 30. Rd1 Rc1 31. Kf1 Rxd1+ 32. Qxd1 Bxb2 33. f4 Bc3 34. Kf2 Kh8 35. h6 Re8 36. Qf3 Bd4+ 37. Kg3 Re3 0-1

[Event "December 5 Late 2023"]
[Site "https://www.chess.com"]
[Date "2023.12.05"]
[Round "4"]
[White "Osmak, Yuliia"]
[Black "Rustemov, Alexander"]
[Result "0-1"]
[Board "43"]
[TimeControl "180+1"]
[WhiteFideId "14101602"]
[BlackFideId "4119002"]
[WhiteElo "2571"]
[BlackElo "2832"]
[WhiteTeam "UKR"]
[BlackTeam "RUS"]
[WhiteClock "0:00:00"]
[BlackClock "0:00:13"]

1. e4 e6 2. d4 d5 3. exd5 exd5 4. Nf3 Bf5 5. c4 Bxb1 6. Rxb1 Bb4+ 7. Bd2 Bxd2+ 8. Qxd2 Nf6 9. Qb4 Qe7+ 10. Qxe7+ Kxe7 11. cxd5 Nxd5 12. Bc4 Rd8 13. O-O Kf8 14. Rbc1 c6 15. Rfe1 g6 16. Ne5 Kg7 17. Rcd1 h5 18. g3 Kf6 19. Rd3 Kg7 20. Rf3 Rf8 21. Bxd5 cxd5 22. Rc1 Na6 23. a3 f6 24. Nd3 Rac8 25. Rxc8 Rxc8 26. Nf4 Rc1+ 27. Kg2 Nc7 28. Re3 Kf7 29. Rb3 b6 30. h4 Rc2 31. a4 g5 32. hxg5 fxg5 33. Nxh5 Ne6 34. Rf3+ Ke7 35. Re3 Kd6 36. Ng7 Nxd4 37. Ne8+ Kc5 38. Nf6 Rxb2 39. Re5 Kc4 40. Rxd5 Ra2 41. Rxg5 Rxa4 42. Rg4 b5 43. Nd7 b4 44. Ne5+ Kc3 45. Re4 b3 46. Re3+ Kc2 47. Nd3 b2 48. Nxb2 Kxb2 49. g4 Nc2 50. Rg3 Ne1+ 51. Kf1 Ra1 52. Ke2 Nc2 53. g5 Re1+ 54. Kd2 Re8 55. g6 Nd4 56. g7 Rg8 57. Rg4 Nf5 58. Rg5 Nd6 59. Rg6 Nc4+ 0-1

[Event "December 5 Late 2023"]
[Site "https://www.chess.com"]
[Date "2023.12.05"]
[Round "4"]
[White "Bordi, Kevin"]
[Black "Mendez Fortes, Eduardo Jesus"]
[Result "0-1"]
[Board "44"]
[TimeControl "180+1"]
[WhiteFideId "621862"]
[BlackFideId "3502376"]
[WhiteElo "2828"]
[BlackElo "2565"]
[WhiteTeam "MNC"]
[BlackTeam "CUB"]
[WhiteClock "0:00:05"]
[BlackClock "0:00:33"]

1. d4 Nf6 2. Bg5 e6 3. e4 h6 4. Bxf6 Qxf6 5. c3 d6 6. Bd3 g6 7. Ne2 Bg7 8. O-O Nd7 9. f4 Qe7 10. e5 O-O 11. Nd2 c5 12. Nf3 b6 13. Be4 Rb8 14. Ng3 Ba6 15. Re1 d5 16. Bc2 cxd4 17. cxd4 Qb4 18. h4 Qxb2 19. h5 Rfc8 20. Rc1 Nf8 21. hxg6 fxg6 22. Nh4 Rc3 23. Nf1 Rbc8 24. Ne3 Qa3 25. Qd2 Bd3 26. Bxd3 Rxc1 27. Kf2 Rxe1 28. Kxe1 Qc1+ 29. Ke2 Qxd2+ 30. Kxd2 Kf7 31. g4 Rb8 32. f5 gxf5 33. gxf5 exf5 34. Nhxf5 Ne6 35. Nxd5 Rd8 36. Nd6+ Kf8 37. Ke3 Nxd4 38. Ke4 Ne6 39. Kf5 Nc5 40. Nf4 Nxd3 41. Nxd3 Ke7 42. Kg6 Bxe5 43. Nf5+ Ke6 44. Nxe5 Kxe5 45. Nxh6 Rd6+ 46. Kg5 Rxh6 0-1

[Event "December 5 Late 2023"]
[Site "https://www.chess.com"]
[Date "2023.12.05"]
[Round "4"]
[White "Yuan, Qingyu"]
[Black "Roberson, Peter T"]
[Result "1-0"]
[Board "45"]
[TimeControl "180+1"]
[WhiteFideId "8609772"]
[BlackFideId "412384"]
[WhiteElo "2824"]
[BlackElo "2564"]
[WhiteTeam "CHN"]
[BlackTeam "ENG"]
[WhiteClock "0:00:03"]
[BlackClock "0:00:01"]

1. e4 c5 2. Nf3 d6 3. Bb5+ Bd7 4. Bxd7+ Nxd7 5. O-O Ngf6 6. Qe2 e6 7. b3 Be7 8. Bb2 O-O 9. c4 Ng4 10. d3 Bf6 11. Nc3 Re8 12. Nd2 Nge5 13. f4 Nc6 14. Nf3 Nd4 15. Qd2 Nb8 16. Kh1 Nbc6 17. Ne2 Nxf3 18. Rxf3 Bxb2 19. Qxb2 Qf6 20. Qxf6 gxf6 21. Rd1 Kf8 22. d4 cxd4 23. Nxd4 Ke7 24. Nb5 Red8 25. Rh3 a6 26. Nc3 b5 27. Rxh7 bxc4 28. bxc4 Na5 29. f5 Rh8 30. Rxh8 Rxh8 31. Rb1 Rc8 32. Rb4 Rxc4 33. Rxc4 Nxc4 34. h4 Kf8 35. Kh2 exf5 36. exf5 Ne3 37. Kg3 Nxf5+ 38. Kg4 Ne3+ 39. Kf3 Nc4 40. Ke4 Kg7 41. g4 Kg6 42. Nd5 Ne5 43. Nf4+ Kh6 44. Kf5 Nf3 45. h5 Nh2 46. Nd5 Nf1 47. Nxf6 Ne3+ 48. Ke4 Nd1 49. Kf5 Ne3+ 50. Kf4 Ng2+ 51. Kg3 Ne3 52. Kf3 Nd1 53. Ne4 d5 54. Nd6 Nc3 55. Nxf7+ Kg7 56. Ne5 Nxa2 57. g5 Nc3 58. Kg4 Ne4 59. h6+ Kh7 60. Kh5 Ng3+ 61. Kg4 Ne4 62. Kf5 Ng3+ 63. Kf6 d4 64. Ng4 d3 65. g6+ Kg8 66. h7+ Kh8 67. Kf7 Nh5 68. Ne5 d2 69. Kf8 d1=Q 70. Nf7# 1-0

[Event "December 5 Late 2023"]
[Site "https://www.chess.com"]
[Date "2023.12.05"]
[Round "4"]
[White "Yang, Kevin"]
[Black "Gadimbayli, Abdulla"]
[Result "0-1"]
[Board "46"]
[TimeControl "180+1"]
[WhiteFideId "30908485"]
[BlackFideId "13404938"]
[WhiteElo "2562"]
[BlackElo "2819"]
[WhiteTeam "USA"]
[BlackTeam "AZE"]
[WhiteClock "0:00:00"]
[BlackClock "0:01:02"]

1. d4 d5 2. c4 e5 3. dxe5 d4 4. Nf3 Nc6 5. a3 Nge7 6. e3 Bg4 7. Qa4 dxe3 8. Bxe3 Bxf3 9. gxf3 Qd7 10. f4 Nxe5 11. Qxd7+ Nxd7 12. Bh3 f5 13. Nc3 g6 14. Nb5 O-O-O 15. Nxa7+ Kb8 16. Nb5 Bg7 17. O-O-O Nf6 18. Bd4 Nc6 19. Bc3 Nh5 20. Bxg7 Nxg7 21. Bg2 Ne6 22. Bxc6 bxc6 23. Nc3 Nxf4 24. Kc2 Nh3 25. f3 Ng5 26. Rhf1 Rxd1 27. Kxd1 Re8 28. f4 Ne6 29. Kd2 Rd8+ 30. Ke3 Re8 31. Rd1 c5 32. Nd5 Nd4+ 33. Kd3 c6 34. Nc3 Kc7 35. b4 Ne6 36. Ke3 Ra8 37. Ra1 cxb4 38. Nb1 b3 0-1

[Event "December 5 Late 2023"]
[Site "https://www.chess.com"]
[Date "2023.12.05"]
[Round "4"]
[White "KhalilMousavi98"]
[Black "aksuliini1"]
[Result "1-0"]
[Board "47"]
[TimeControl "180+1"]
[WhiteElo "2801"]
[BlackElo "2558"]
[WhiteClock "0:00:37"]
[BlackClock "0:00:06"]

1. d4 Nf6 2. c4 e6 3. Nf3 d5 4. Nc3 Bb4 5. Qa4+ Nc6 6. e3 O-O 7. Qc2 Re8 8. Bd2 Bf8 9. a3 e5 10. cxd5 Nxd4 11. exd4 exd4+ 12. Ne2 Qxd5 13. Qd3 c5 14. O-O-O Bf5 15. Nf4 Qd7 16. Qb5 Qc7 17. Bd3 a6 18. Qc4 b5 19. Qc2 Bxd3 20. Nxd3 Rad8 21. Kb1 c4 22. Bf4 Qb6 23. Nde5 d3 24. Qc1 Nd5 25. Bd2 f6 26. Ng4 Bc5 27. Rhe1 Bxf2 28. Rxe8+ Rxe8 29. Rf1 Bd4 30. Re1 Rxe1 31. Qxe1 Kf7 32. Qe4 h5 33. Qxd5+ Kg6 34. Nh4+ Kh7 35. Qxh5+ Kg8 36. Qe8+ Kh7 37. Ng6 c3 38. Nf8+ Kg8 39. Nd7+ 1-0

[Event "December 5 Late 2023"]
[Site "https://www.chess.com"]
[Date "2023.12.05"]
[Round "4"]
[White "Holt, Conrad"]
[Black "Estrada Nieto, Julian"]
[Result "1-0"]
[Board "48"]
[TimeControl "180+1"]
[WhiteFideId "2034387"]
[BlackFideId "5101018"]
[WhiteElo "2798"]
[BlackElo "2557"]
[WhiteTeam "USA"]
[BlackTeam "ESP"]
[WhiteClock "0:00:18"]
[BlackClock "0:00:15"]

1. d4 d5 2. c4 dxc4 3. e3 Nf6 4. Bxc4 e6 5. Nf3 c5 6. O-O a6 7. dxc5 Bxc5 8. Qxd8+ Kxd8 9. Be2 Ke7 10. Ne5 Nbd7 11. Nd3 Bd6 12. Nd2 Ne5 13. Nxe5 Bxe5 14. Nc4 Bc7 15. b3 Rd8 16. Ba3+ Ke8 17. Rfd1 Bd7 18. Bf3 Bc6 19. Bxc6+ bxc6 20. f3 Nd5 21. Rac1 a5 22. Bc5 Nb4 23. Rxd8+ Rxd8 24. Bxb4 axb4 25. Kf2 h5 26. f4 f6 27. Ke2 g5 28. fxg5 fxg5 29. h3 Ra8 30. Rc2 Ke7 31. Kf3 Rf8+ 32. Ke4 g4 33. hxg4 hxg4 34. Nb2 Kd7 35. Nd3 Bd6 36. Nf2 Rg8 37. Nd3 Rf8 38. Rf2 Ra8 39. Ne5+ Bxe5 40. Kxe5 c5 41. Rd2+ Kc7 42. e4 Re8 43. g3 Rf8 44. Kxe6 Rf3 45. Rg2 Kc6 46. e5 Re3 47. Kf5 Kd5 48. Rd2+ Kc6 49. e6 Re1 50. Kf6 Rf1+ 51. Kg6 Re1 52. Kf7 Rf1+ 53. Ke8 Re1 54. e7 Re3 55. Kd8 c4 56. bxc4 Kc5 57. e8=Q Rxe8+ 58. Kxe8 Kxc4 59. Rf2 Kc3 60. Rf4 Kb2 61. Rxb4+ Ka3 62. Rxg4 1-0

[Event "December 5 Late 2023"]
[Site "https://www.chess.com"]
[Date "2023.12.05"]
[Round "4"]
[White "Rangel, Daniel"]
[Black "Ghasi, Ameet K"]
[Result "1/2-1/2"]
[Board "49"]
[TimeControl "180+1"]
[WhiteFideId "2124475"]
[BlackFideId "409200"]
[WhiteElo "2543"]
[BlackElo "2797"]
[WhiteTeam "BRA"]
[BlackTeam "ENG"]
[WhiteClock "0:00:08"]
[BlackClock "0:00:08"]

1. d4 g6 2. c4 d6 3. Nc3 Nf6 4. Nf3 Bg7 5. e4 O-O 6. h3 Nc6 7. d5 Nb4 8. Be2 e6 9. O-O exd5 10. cxd5 Re8 11. a3 Na6 12. Qc2 Nc5 13. Nd2 a5 14. Bb5 Bd7 15. Bxd7 Nfxd7 16. Nb3 Qh4 17. Nxc5 Nxc5 18. f3 Bd4+ 19. Kh1 Be5 20. Qf2 Qxf2 21. Rxf2 f5 22. exf5 Bxc3 23. bxc3 Re1+ 24. Kh2 Nb3 25. Rb1 a4 26. fxg6 hxg6 27. Rfb2 Nxc1 28. Rxb7 Rc8 29. Ra7 Nd3 30. Rxe1 Nxe1 31. Rxa4 Nd3 32. Ra7 Kf7 33. a4 Ke7 34. a5 Nc5 35. h4 Kd7 36. g4 Re8 37. Kg3 Na4 38. c4 Nb2 39. Kf4 Nxc4 40. Kg5 Rg8 41. a6 Nb6 42. Rb7 Nxd5 43. a7 Ra8 44. Kxg6 Kc6 45. Rb8 Rxa7 46. h5 Ra3 47. h6 Rxf3 48. h7 Nf4+ 49. Kg7 Ne6+ 50. Kg8 Rh3 51. h8=Q Rxh8+ 52. Kxh8 Kd5 53. Kh7 Ke5 54. Kh6 Kf6 55. Rc8 c5 56. Rc6 Ke5 57. g5 d5 58. g6 Nd4 59. Rc8 Nf5+ 60. Kh7 c4 61. Re8+ Kd4 62. Rf8 Ne7 63. g7 c3 64. Re8 c2 65. Rxe7 c1=Q 66. g8=Q Qh1+ 67. Kg7 Qg2+ 68. Kf8 Qxg8+ 69. Kxg8 Kc3 70. Kf7 d4 71. Ke6 d3 72. Rc7+ Kb2 73. Rd7 Kc2 74. Ke5 d2 75. Ke4 d1=Q 76. Rxd1 Kxd1 1/2-1/2

[Event "December 5 Late 2023"]
[Site "https://www.chess.com"]
[Date "2023.12.05"]
[Round "4"]
[White "Kashefi, Amir Hosein"]
[Black "Hamidi, Amir Mohammad"]
[Result "0-1"]
[Board "50"]
[TimeControl "180+1"]
[WhiteFideId "12557935"]
[BlackFideId "12563285"]
[WhiteElo "2541"]
[BlackElo "2794"]
[WhiteTeam "IRI"]
[BlackTeam "IRI"]
[WhiteClock "0:00:02"]
[BlackClock "0:00:18"]

1. d4 c5 2. e3 Nf6 3. Nf3 g6 4. b3 Bg7 5. Bb2 O-O 6. Nbd2 d5 7. dxc5 Qa5 8. Be2 Qxc5 9. O-O Nc6 10. a3 Bg4 11. Rc1 Rad8 12. c4 dxc4 13. Rxc4 Qb6 14. Bxf6 Bxf3 15. Bxf3 Bxf6 16. Bxc6 bxc6 17. Qc2 Qb7 18. Ne4 Bg7 19. b4 a5 20. bxa5 Ra8 21. Rxc6 Rxa5 22. Rc7 Qa6 23. a4 Re5 24. Rc4 h6 25. Rd1 Ra8 26. g3 Ra5 27. Nc5 Qf6 28. Nd7 Qf3 29. Rc1 h5 30. Qb3 e6 31. Rf4 Qe2 32. Qb7 Qa6 33. Qxa6 R5xa6 34. Rcc4 g5 35. Rf3 Rxa4 36. Rc7 R4a7 37. Rxa7 Rxa7 38. Nf6+ Bxf6 39. Rxf6 Kg7 40. Rf3 Ra4 41. Kg2 Kg6 42. h3 e5 43. e4 Rxe4 44. Ra3 f6 45. Ra8 Rb4 46. Rg8+ Kf7 47. Ra8 h4 48. Ra7+ Kg6 49. gxh4 Rxh4 50. Ra8 Rb4 51. Rg8+ Kf5 52. Ra8 Rb2 53. Re8 e4 54. Re7 Kf4 55. Re6 f5 56. Re8 Re2 57. Kf1 Ra2 58. Kg2 Ra3 59. Re6 e3 60. Re7 exf2 61. Re2 Rg3+ 62. Kxf2 Rxh3 63. Re8 Rh2+ 64. Kg1 Ra2 65. Re2 Rxe2 66. Kf1 Ra2 67. Kg1 Kf3 68. Kh1 Kg3 69. Kg1 Ra1# 0-1

[Event "December 5 Late 2023"]
[Site "https://www.chess.com"]
[Date "2023.12.05"]
[Round "4"]
[White "Budisavljevic, Luka"]
[Black "Cervantes Landeiro, Thalia"]
[Result "0-1"]
[Board "51"]
[TimeControl "180+1"]
[WhiteFideId "960047"]
[BlackFideId "3520498"]
[WhiteElo "2780"]
[BlackElo "2535"]
[WhiteTeam "SRB"]
[BlackTeam "USA"]
[WhiteClock "0:00:00"]
[BlackClock "0:00:15"]

1. d4 Nf6 2. Nf3 g6 3. c4 Bg7 4. Nc3 d5 5. h4 c5 6. h5 cxd4 7. h6 Bf8 8. Nxd5 Nxd5 9. cxd5 Qxd5 10. Qxd4 Qxd4 11. Nxd4 e5 12. Nb5 Na6 13. Bd2 Bd7 14. e3 Bc5 15. Bc4 Ke7 16. O-O-O Rhc8 17. Kb1 Bf5+ 18. Ka1 Nb4 19. Na3 a6 20. Bxb4 Bxb4 21. Bd5 Rab8 22. Nc4 f6 23. a3 Bc5 24. b4 Ba7 25. Rd2 Rd8 26. Rhd1 Bg4 27. f3 Bd7 28. Rc1 b5 29. Na5 Bb6 30. e4 Be3 31. Rdc2 Bxc1 32. Rxc1 Rbc8 33. Rd1 Be6 34. Kb2 Rd6 35. Nb7 Rb6 36. Nc5 Rd8 37. Kc3 Bxd5 38. exd5 Rbd6 39. f4 Rxd5 40. Re1 Kf7 41. g3 exf4 42. gxf4 Re8 43. Rf1 Rf5 44. Rf3 g5 45. Rd3 Rxf4 46. Rd7+ Kg6 47. Ra7 Kxh6 48. Nd7 Re3+ 49. Kd2 Rh3 50. Nf8 Kh5 51. Rxh7+ Kg4 52. Rd7 Rf2+ 53. Ke1 Ra2 54. Rd4+ Kf5 55. Rd5+ Ke4 0-1

[Event "December 5 Late 2023"]
[Site "https://www.chess.com"]
[Date "2023.12.05"]
[Round "4"]
[White "Kosteniuk, Alexandra"]
[Black "Kopczynski, Michal"]
[Result "1-0"]
[Board "52"]
[TimeControl "180+1"]
[WhiteFideId "4128125"]
[BlackFideId "1124200"]
[WhiteElo "2743"]
[BlackElo "2532"]
[WhiteTeam "SUI"]
[BlackTeam "POL"]
[WhiteClock "0:01:10"]
[BlackClock "0:00:09"]

1. e4 b6 2. d4 Bb7 3. Bd3 e6 4. c4 Nf6 5. f3 c5 6. d5 exd5 7. cxd5 d6 8. Ne2 g6 9. O-O Bg7 10. Nbc3 O-O 11. Bg5 h6 12. Bh4 g5 13. Bf2 Nfd7 14. Ng3 Re8 15. Nf5 Bf8 16. h4 Ne5 17. hxg5 hxg5 18. Be2 Bc8 19. Ng3 a6 20. Be3 b5 21. Qd2 f6 22. a4 b4 23. Nd1 Nbd7 24. f4 gxf4 25. Bxf4 Ng6 26. Bh6 Nde5 27. Nh5 Be7 28. Bg7 Bg4 29. Bxf6 Bxh5 30. Bxe7 Qxe7 31. Bxh5 Qh4 32. Rf5 Qxe4 33. Qg5 Re7 34. Nf2 Qh4 35. Rxe5 Rxe5 36. Qxg6+ Kh8 37. Qh6+ Kg8 38. Bf7+ Kxf7 39. Qxh4 Rg8 40. Rf1 1-0

[Event "December 5 Late 2023"]
[Site "https://www.chess.com"]
[Date "2023.12.05"]
[Round "4"]
[White "Jarmula, Lukasz"]
[Black "Korchynskyi, Mykola"]
[Result "0-1"]
[Board "53"]
[TimeControl "180+1"]
[WhiteFideId "1160664"]
[BlackFideId "34138005"]
[WhiteElo "2742"]
[BlackElo "2530"]
[WhiteTeam "POL"]
[BlackTeam "UKR"]
[WhiteClock "0:01:15"]
[BlackClock "0:00:21"]

1. e4 e6 2. d4 d5 3. e5 c5 4. c3 Nc6 5. Nf3 Qb6 6. a3 Nh6 7. Bd3 cxd4 8. O-O Bd7 9. b4 a6 10. Ra2 Be7 11. c4 dxc4 12. Bxc4 Nf5 13. Nbd2 O-O 14. Ne4 Rfd8 15. Rd2 Rac8 16. Bb3 a5 17. g4 Nh6 18. Rd3 Nxg4 19. Nfg5 Ncxe5 20. Rg3 Bb5 21. Rxg4 Nxg4 22. Qxg4 Bxf1 23. Nxe6 fxe6 24. Bh6 Bf8 25. Bxe6+ Kh8 26. Ng5 Rc7 27. Qf5 gxh6 28. Qf6+ Rg7 29. Kxf1 Qb5+ 30. Ke1 Qxg5 0-1